 Dungeon Crawl Stone Soup version 0.25-a0-156-g0c4bda3fdf (webtiles) character file.

Game seed: 13894544815479739185, levelgen mode: deterministic

31 vurker the Skirmisher (level 3, -3/30 HPs)
             Began as a Formicid Abyssal Knight on Nov 20, 2019.
             Was a Follower of Lugonu.
             Slain by a gnoll
             ... wielding a +0 spear
              (6 damage)
             ... on level 2 of the Dungeon.
             The game lasted 00:01:10 (859 turns).

vurker the Skirmisher (Formicid Abyssal Knight)      Turns: 859, Time: 00:01:10

Health: -3/30      AC:  5    Str: 17    XL:     3   Next: 40%
Magic:  3/5        EV: 10    Int: 11    God:    Lugonu [*.....]
Gold:   54         SH:  0    Dex: 10    Spells: 2/2 levels left

rFire    . . .     SeeInvis +   a - +1 hand axe
rCold    . . .     Gourm    .   (no shield)
rNeg     . . .     Faith    .   d - +0 ring mail
rPois    .         Spirit   .   (helmet unavailable)
rElec    .         Reflect  .   (no cloak)
rCorr    .         Harm     .   (no gloves)
MR       .....                  (no boots)
Stlth    ..........             (no amulet)
HPRegen  0.10/turn              (no ring)
MPRegen  0.09/turn              (no ring)

@: lethally poisoned (-3 -> -7)
A: permanent stasis, dig shafts and tunnels, four strong arms, antennae 3
a: Dig, Shaft Self, Depart the Abyss, Renounce Religion


You were on level 2 of the Dungeon.
You worshipped Lugonu.
Lugonu was aware of your devotion.
You were not hungry.

You visited 1 branch of the dungeon, and saw 2 of its levels.
You visited the Abyss 1 time.

You collected 54 gold pieces.

Inventory:

Hand Weapons
 a - a +1 hand axe (weapon)
Armour
 d - a +0 ring mail (worn)
   (You found it on level 1 of the Dungeon)
Scrolls
 b - a scroll of remove curse {unknown}
 f - a scroll of identify {unknown}
 g - a scroll of enchant weapon {unknown}
 i - 2 scrolls of magic mapping {unknown}
Potions
 c - a potion of heal wounds {unknown}
 h - a potion of agility {unknown}
 k - 2 potions of curing {unknown}
Comestibles
 e - 5 rations
 j - 5 chunks of flesh


   Skills:
 + Level 3.6 Fighting
 * Level 2.9 Axes
 - Level 2.1 Armour
 - Level 0.8 Dodging
 + Level 2.8 Invocations


You had 2 spell levels left.
You didn't know any spells.
Your spell library was empty.

Dungeon Overview and Level Annotations

Branches:
Dungeon (2/15)

Altars:
Cheibriados


Innate Abilities, Weirdness & Mutations

You cannot be hasted, slowed, berserked, paralysed or teleported.
You can dig through walls and to a lower floor.
Your four strong arms can wield two-handed weapons with a shield.
You have a pair of large antennae on your head. (SInv)


Message History

You now have 54 gold pieces (gained 3).
e - 5 rations (gained 1) Done exploring.
Done exploring.
Done exploring.
Search for what [? for help]? axe
There is an escape hatch in the floor here.
You slide downwards.
The hatch slams shut behind you. 4 gnolls come into view.
The gnoll shouts! x3
You hit the gnoll. You closely miss the gnoll. You barely miss the gnoll.
The gnoll barely misses you. The gnoll hits you but does no damage.
The gnoll hits you with a +0 spear.
You slash the gnoll!
You kill the gnoll!
Lugonu accepts your kill.
You have reached level 3!
Your experience leads to an increase in your attributes!
Increase (S)trength, (I)ntelligence, or (D)exterity?
You feel stronger.
You hit the gnoll. You closely miss the gnoll.
The gnoll hits you with a +0 spear! The gnoll closely misses you.
You barely miss the gnoll. You closely miss the gnoll.
The gnoll hits you but does no damage. The gnoll misses you.
You hit the gnoll. x2; The gnoll hits you with a +0 spear. x2
An adder comes into view.
You slash the gnoll! You closely miss the gnoll.
The gnoll hits you with a +0 spear. The gnoll hits you but does no damage.
You hit the gnoll.
You kill the gnoll!
Lugonu accepts your kill.
You hit the gnoll. The gnoll hits you with a +0 spear.
* * * LOW HITPOINT WARNING * * *
The adder closely misses you.
You are too injured to fight recklessly!
You hit the gnoll. You barely miss the adder. The adder closely misses you.
The gnoll hits you from afar with a +0 spear.
* * * LOW HITPOINT WARNING * * *
The gnoll closely misses you.
You hit the gnoll but do no damage. You hit the adder. The adder bites you.
* * * LOW HITPOINT WARNING * * *
You are poisoned.
The adder poisons you! The gnoll barely misses you. The gnoll hits you.
* * * LOW HITPOINT WARNING * * *
The adder bites you but does no damage.
You hit the gnoll but do no damage. You closely miss the adder.
* * * LOW HITPOINT WARNING * * *
You feel sick. The adder barely misses you.
The gnoll hits you from afar with a +0 spear.
You die... ####### #)@gg.+ #S##### { #. +. ##

You could see 2 gnolls and an adder.

Vanquished Creatures
  2 gnolls (D:2)
  4 goblins (D:1)
  2 hobgoblins (D:1)
  2 kobolds (D:1)
  4 rats (D:1)
14 creatures vanquished.

Notes
Turn   | Place    | Note
-------+----------+-------------------------------------------
     0 | Abyss:1  | vurker the Formicid Abyssal Knight began the quest for the
                  | Orb.
     0 | Abyss:1  | Reached XP level 1. HP: 18/18 MP: 2/2
    12 | D:1      | Escaped the Abyss
   339 | D:1      | Found a snail-covered altar of Cheibriados.
   426 | D:1      | Reached XP level 2. HP: 24/24 MP: 3/3
   852 | D:2      | Reached XP level 3. HP: 28/29 MP: 3/5
   859 | D:2      | Slain by a gnoll

Levels and vault maps discovered:
D:1:      psy_arrival_heroes, layout_basic, cheibriados_altar_1
D:2:      layout_basic, lemuel_coloured_pillars_altar, uniq_natasha

Action                   || total
-------------------------++-------
Melee: Hand axe          ||    40
Armor: Ring mail         ||    11
Dodge: Dodged            ||    26

Table legend:
 A = Non-vault XP
 B = Vault XP
 C = Vault XP percentage of total XP
 D = Non-vault monster count
 E = Vault monster count
 F = Vault count percentage of total count
                 A         B        C        D         E       F
            +---------+---------+-------+---------+---------+-------
      Total |      45 |       0 |   0.0 |      14 |       0 |   0.0
            +---------+---------+-------+---------+---------+-------
        D:1 |      17 |       0 |   0.0 |      12 |       0 |   0.0
        D:2 |      28 |       0 |   0.0 |       2 |       0 |   0.0
            +---------+---------+-------+---------+---------+-------
